 Dungeon Crawl Stone Soup version 0.28-a0-804-g60983d4ba9 (webtiles) character file.

Game seed: 13602007852805102284

65 cheechan the Skirmisher (level 4, 0/42 HPs)
             Began as a Naga Fighter on Nov 7, 2021.
             Slain by a gnoll (4 damage)
             ... on level 2 of the Dungeon.
             The game lasted 00:03:50 (985 turns).

cheechan the Skirmisher (Naga Fighter)               Turns: 985, Time: 00:03:51

Health: 0/42       AC:  5    Str: 19    XL:     4   Next: 13%
Magic:  4/4        EV:  7    Int:  8    God:
Gold:   87         SH:  5    Dex: 17    Spells: 3/3 levels left

rFire   . . .      SeeInvis +   a - +0 war axe
rCold   . . .      Faith    +   c - +0 buckler
rNeg    . . .      Spirit   .   b - +0 scale mail
rPois   +          Reflect  .   (no helmet)
rElec   .          Harm     .   (no cloak)
rCorr   .          Rampage  .   (no gloves)
Will    .....                   (no barding)
Stlth   ..........              j - amulet of faith
HPRegen 0.14/turn               e - +6 ring of dexterity
MPRegen 0.09/turn               (no ring)

@: very slow
A: AC +1, large, see invisible, deformed body, poison resistance, slowness 2,
spit poison 1, naga tail 1
a: Spit Poison


You were on level 2 of the Dungeon.
You visited 1 branch of the dungeon, and saw 2 of its levels.

You collected 87 gold pieces.

Inventory:

Hand Weapons
 a - a +0 war axe (weapon)
Armour
 b - a +0 scale mail (worn)
 c - a +0 buckler (worn)
Jewellery
 e - a +6 ring of dexterity (left hand)
 j - an amulet of faith (around neck)
 k - an amulet of guardian spirit
 l - an amulet of reflection
Potions
 d - a potion of might
 f - 2 potions of haste
 g - a potion of flight
 h - a potion of curing {unknown}


   Skills:
 + Level 3.5 Fighting
 + Level 2.4 Axes
 + Level 3.0 Armour
 + Level 0.4 Dodging
 + Level 0.2 Stealth
 + Level 2.7 Shields


You had 3 spell levels left.
You didn't know any spells.
Your spell library was empty.

Dungeon Overview and Level Annotations

Branches:
Dungeon (2/15)

Altars:


Innate Abilities, Weirdness & Mutations

Your serpentine skin is tough. (AC +1)
You have supernaturally acute eyesight. (SInv)
Armour fits poorly on your strangely shaped body.
Your system is resistant to poisons. (rPois)
You cover ground very slowly.
You can spit poison.
You have a snake-like lower body.


Message History

The gnoll shouts!
You hit the gnoll. The gnoll hits you with a +0 flail!
The gnoll hits you with a +0 club. The gnoll barely misses you.
You hit the gnoll but do no damage. You hit the gnoll.
The gnoll hits you but does no damage. You block the gnoll's attack.
The gnoll hits you with a +0 club.
You slash the gnoll!
The gnoll is heavily wounded.
You hit the gnoll.
You kill the gnoll!
The gnoll barely misses you.
Your Armour skill increases to level 3!
You hit the gnoll.
The gnoll is severely wounded.
The gnoll hits you with a +0 club.
* * * LOW HITPOINT WARNING * * *
Okay, then.
You aren't carrying any scrolls.
Abil: Spit Poison
Press: ? - help, Q - select action Shift-Dir - straight line, f - gnoll
Aim: a gnoll, wielding a +0 club (heavily wounded)
The splash of poison hits the gnoll!
The gnoll is poisoned.
You kill the gnoll!
The gnoll hits you with a +0 club.
* * * LOW HITPOINT WARNING * * *
You have reached level 4!
You feel stronger.
Unknown command.
You barely miss the gnoll. The gnoll hits you with a +0 club.
* * * LOW HITPOINT WARNING * * *
You slash the gnoll!
The gnoll is heavily wounded.
The gnoll hits you with a +0 club.
* * * LOW HITPOINT WARNING * * *
Okay, then.
You barely miss the gnoll.
The gnoll is heavily wounded.
You have got your breath back.
You block the gnoll's attack. The gnoll hits you with a +0 club.
You die...

*,*** *,,,,,,,
*,,,***********,,,,,,*
*,,,,,,,,,,,,,,,,,,,,,
*#**,,,***********,,,,,,,
*..,,,,* ******,,
*...,,** *,, *....,* *,,
*.....#### *,, *.....?g@#
*,, *#######)# *,,
######.## *,,
####.......# ***
#....#####.#
#.##.####..##
#...........#
#..###.####.#
#..#...#..#.#


You could see a gnoll.

Vanquished Creatures
  2 gnolls (D:2)
  An adder (D:2)
  An orc (D:2)
  6 bats
  3 endoplasms (D:1)
  3 goblins
  5 hobgoblins
  3 ball pythons
  3 frilled lizards
  9 rats
36 creatures vanquished.

Notes
Turn   | Place    | Note
-------+----------+-------------------------------------------
     0 | D:1      | cheechan the Naga Fighter began the quest for the Orb.
     0 | D:1      | Reached XP level 1. HP: 21/21 MP: 1/1
   178 | D:1      | Reached XP level 2. HP: 27/28 MP: 2/2
   690 | D:1      | Reached XP level 3. HP: 31/34 MP: 3/3
   983 | D:2      | Reached XP level 4. HP: 11/42 MP: 4/4
   985 | D:2      | Slain by a gnoll

Illustrated notes

Levels and vault maps discovered:
D:1:      ncdulo_lavacross, layout_loops_ring
D:2:      layout_basic, minmay_octomino_c4

Skill      XL: |  1  2  3 |
---------------+----------+-----
Armour         | 3 |  3.0
Fighting       | |  3.5
Axes           | |  2.4
Dodging        | |  0.4
Stealth        | |  0.2
Shields        | |  2.7

Action                   |  1- 3 |  4- 6 || total
-------------------------+-------+-------++-------
Melee: War axe           |   110 |     3 ||   113
 Abil: Spit Poison       |     3 |       ||     3
  Use: Scroll            |     4 |       ||     4
Armor: Scale mail        |    54 |       ||    54
Dodge: Dodged            |    48 |       ||    48
Block: Buckler           |    30 |     1 ||    31

Table legend: (Time is in decaauts)
 A = Elapsed time spent in this place.
 B = Non-inter-level travel time spent in this place.
 C = Inter-level travel time spent in this place.
 D = Time resting spent in this place.
 E = Time spent auto-exploring this place.
 F = Levels seen in this place.
 G = Mean time per level.
                   A        B        C        D        E       F      G
               +--------+--------+--------+--------+--------+-----+--------+
         Total |   1363 |   1363 |      0 |      0 |      0 |   2 |  681.5 |
       Dungeon |   1363 |   1363 |      0 |      0 |      0 |   2 |  681.5 |
               +--------+--------+--------+--------+--------+-----+--------+

Top non-repeatable levels by time:
     D:1: 1038 daAuts
     D:2: 325 daAuts
